 Dungeon Crawl Stone Soup version 0.27-a0-323-gbd089401bb (webtiles) character file.

Game seed: 2007278545554326117

256 tabyourdongers the Sneak (level 5, -8/53 HPs)
             Began as a Troll Delver on Feb 10, 2021.
             Mangled by a water moccasin (9 damage)
             ... on level 8 of the Dungeon.
             The game lasted 00:00:51 (259 turns).

tabyourdongers the Sneak (Troll Delver)              Turns: 259, Time: 00:00:51

Health: -8/53      AC:  6    Str: 21    XL:     5   Next: 92%
Magic:  4/4        EV: 10    Int:  6    God:
Gold:   0          SH:  0    Dex: 11    Spells: 4/4 levels left

rFire    . . .     SeeInvis .     - Unarmed
rCold    . . .     Faith    .   (no shield)
rNeg     . . .     Spirit   .   a - +0 robe
rPois    .         Reflect  .   (helmet restricted)
rElec    .         Harm     .   (no cloak)
rCorr    .         Rampage  .   (gloves unavailable)
Will     .....                  (boots unavailable)
Stlth    ++........             (no amulet)
HPRegen  0.57/turn              (no ring)
MPRegen  0.09/turn              (no ring)

@: lethally poisoned (-8 -> -14)
A: large, unfitting armour, claws 3, regeneration 1, shaggy fur 1, tough skin 3
a: no special abilities


You were on level 8 of the Dungeon.
You visited 1 branch of the dungeon, and saw 4 of its levels.

Inventory:

Armour
 a - a +0 robe (worn)
Jewellery
 h - a ring of positive energy {unknown}
Wands
 f - a wand of digging (3)
Scrolls
 b - a scroll of fog
 c - a scroll of magic mapping
 g - a scroll of identify {unknown}
Potions
 e - a potion of haste


   Skills:
 + Level 3.0 Fighting
 + Level 2.1 Dodging
 + Level 4.0 Stealth
 + Level 3.1 Unarmed Combat


You had 4 spell levels left.
You didn't know any spells.
Your spell library was empty.

Dungeon Overview and Level Annotations

Branches:
Dungeon (8/15)               Lair (0/6) D:8
 Temple: D:4-7

Altars:


Innate Abilities, Weirdness & Mutations

You are too large for most types of armour.
You have claws for hands.
Your natural rate of healing is unusually fast.
You are covered in fur. (AC +1)
You have extremely tough skin. (AC +3)


Message History

The plant is lightly damaged.
You feel sick.
A nearby fungus withers and dies. x2
A nearby plant withers and dies.
The bullfrog hits the fungus.
Cornered, the bullfrog turns to fight!
You claw the plant!
The plant is lightly damaged.
You feel sick.
A nearby fungus withers and dies.
An adder zombie comes into view.
You claw the plant!
The plant is lightly damaged.
You feel sick.
A nearby fungus withers and dies. x2
A nearby plant withers and dies.
A water moccasin comes into view.
You feel sick.
A nearby plant withers and dies.
A nearby fungus withers and dies.
A nearby plant withers and dies.
The adder zombie bites the plant.
The plant begins to die.
Cornered, the adder turns to fight!
You feel sick.
The adder zombie bites the plant.
The plant begins to die.
A scorpion comes into view.
A nearby plant withers and dies.
The komodo dragon barely misses you. The ufetubus barely misses you.
The ufetubus hits you but does no damage.
An adder zombie comes into view.
You feel sick.
A nearby plant withers and dies.
The komodo dragon bites the plant!
The plant begins to die.
The water moccasin bites you.
* * * LOW HITPOINT WARNING * * *
You are lethally poisoned!
The water moccasin poisons you!
The adder zombie moves out of view.
* * * LOW HITPOINT WARNING * * *
You feel sick.
The komodo dragon seems to regain its courage.
The ufetubus hits the plant.
The plant begins to die.
The ufetubus hits the plant.
The bullfrog hits the plant!
* * * LOW HITPOINT WARNING * * *
You feel sick.
A nearby plant withers and dies. x2
The bullfrog hits the plant.
The ufetubus hits the plant. x2
An orc comes into view.
The water moccasin bites you!
You die...

.....PP..P.....
....PPPP.P..P..
...P.P.P.P.PP.P..
......PP.P..PPP...
#...P.P.P.PPPPPP..
##+###....PP..P.PPP..P
........PP....PPP..PP.
.........P..ZP@PPP....
..........lPPSPPsP.Po
#........F5.PP.PP..P
#.....PPP.PPP...PP.Z
#......PP...SPP.P..#
#S.......P..PP.....#
#...<#...PP..PP.P.##
#....#.P...PP...P.#
#....##........P.##


You could see a komodo dragon, a water moccasin, a bullfrog, a scorpion, an
adder, an orc, an ufetubus and 2 adder zombies.

Vanquished Creatures
  A necrophage (D:6)
  A bullfrog (D:7)
  2 hounds (D:7)
  A worker ant (D:7)
  A killer bee zombie (D:7)
  An ooze (D:7)
7 creatures vanquished.

Vanquished Creatures (others)
  8 fungi (D:8)
  12 plants (D:8)
20 creatures vanquished.

Grand Total: 27 creatures vanquished

Notes
Turn   | Place    | Note
-------+----------+-------------------------------------------
     0 | D:5      | tabyourdongers the Troll Delver began the quest for the
                  | Orb.
     0 | D:5      | Reached XP level 1. HP: 22/22 MP: 0/0
    45 | D:7      | Noticed a hound
    54 | D:7      | Killed a hound
    55 | D:7      | Reached skill level 3 in Stealth
    55 | D:7      | Reached XP level 2. HP: 29/29 MP: 1/1
    55 | D:7      | Reached XP level 3. HP: 36/36 MP: 2/2
    61 | D:7      | Noticed a necrophage
    90 | D:6      | Killed a necrophage
    91 | D:6      | Reached XP level 4. HP: 20/44 MP: 3/3
    91 | D:6      | Reached XP level 5. HP: 23/52 MP: 4/4
   147 | D:7      | Reached skill level 4 in Stealth
   244 | D:8      | Noticed a water moccasin
   244 | D:8      | Noticed a water moccasin
   244 | D:8      | Noticed a wyvern
   245 | D:8      | Found a staircase to the Lair.
   245 | D:8      | Noticed a yak
   247 | D:8      | Noticed a komodo dragon
   253 | D:8      | Noticed a water moccasin
   258 | D:8      | HP: 2/53 [poisoned by a water moccasin]
   259 | D:8      | Mangled by a water moccasin

Illustrated notes

Levels and vault maps discovered:
D:5:      layout_cave_pools, kennysheep_mini,
          chequers_temple_overflow_statue_of_worship, minmay_temple_entry_mist,
          serial_gnoll_camp, gnoll_camp_medium_02, gnoll_camp_mini_hut,
          gnoll_camp_mini_doghouse, gnoll_camp_mini_basic,
          gnoll_camp_huts_basic, ebering_ghost_disaster_area, uniq_grinder
D:6:      layout_loops_corners, overflow_temple_1_default, serial_shops, shop,
          gammafunk_ghost_icy, uniq_eustachio, uniq_maggie, uniq_duvessa
D:7:      layout_cave_pools, minitemple, lemuel_tele_altar
D:8:      layout_gridville, due_lair_maze_entry_diamond, serial_rivers,
          chequers_serial_rivers_micro_d, chequers_serial_rivers_small_3,
          chequers_serial_rivers_small_3, chequers_serial_rivers_marsh

Skill      XL: |  1  2  3  4  5 |
---------------+----------------+-----
Stealth        | 3 4 |  4.0
Dodging        | 2 |  2.1
Fighting       | 3 |  3.0
Unarmed Combat | 3 |  3.1

Action                   |  1- 3 |  4- 6 || total
-------------------------+-------+-------++-------
Melee: Unarmed           |    27 |    25 ||    52
       Punch             |     1 |       ||     1
  Use: Scroll            |       |     1 ||     1
 Stab: Sleeping          |     1 |       ||     1
Armor: Robe              |    11 |     4 ||    15
Dodge: Dodged            |    12 |    20 ||    32

Table legend: (Time is in decaauts)
 A = Elapsed time spent in this place.
 B = Non-inter-level travel time spent in this place.
 C = Inter-level travel time spent in this place.
 D = Time resting spent in this place.
 E = Time spent auto-exploring this place.
 F = Levels seen in this place.
 G = Mean time per level.
                   A        B        C        D        E       F      G
               +--------+--------+--------+--------+--------+-----+--------+
         Total |    257 |    243 |     14 |      0 |    145 |   4 |   64.2 |
       Dungeon |    257 |    243 |     14 |      0 |    145 |   4 |   64.2 |
               +--------+--------+--------+--------+--------+-----+--------+

Top non-repeatable levels by time:
     D:7: 193 daAuts
     D:6: 48 daAuts
     D:8: 14 daAuts
     D:5: 1 daAuts
